 Dungeon Crawl Stone Soup version 0.18-a0-1637-g109f206 (webtiles) character file.

27986 namelastname112 the Black Belt (level 13, -33/113 HPs)
             Began as a Green Draconian Monk on Mar 27, 2016.
             Was a High Priest of Ru.
             Annihilated by an enormous slime creature (72 damage)
             ... on level 15 of the Dungeon.
             The game lasted 00:20:54 (14859 turns).

namelastname112 the Black Belt (DrMo)              Turns: 14859, Time: 00:20:55

Health: -33/113    AC: 10    Str: 12    XL:     13   Next: 7%
Magic:  18/22      EV: 18    Int: 12    God:    Ru [*****.]
Gold:   1155       SH:  0    Dex: 17    Spells: 1 memorised, 17 levels left

rFire  . . .     SeeInvis .       - Unarmed
rCold  . . .     Gourm    .     (armour unavailable)
rNeg   + . .     Faith    .     (no shield)
rPois  +         Spirit   .     (helmet restricted)
rElec  .         Dismiss  .     b - +1 cloak
rCorr  .         Reflect  .     (no gloves)
SustAt .         Harm     .     (no boots)
MR     .....                    C - amulet of regeneration
Stlth  ..........               v - ring of wizardry
                                t - ring of positive energy

@: exhausted, drained, not resistant to hostile enchantments, extremely
unstealthy
A: breathe noxious fumes, unfitting armour, horns 1, blurry vision 1,
deterioration 1, sense surroundings 1, poison resistance, weak 1, cold-blooded,
no stealth, inability to use devices, inexperienced 1, AC +8
a: Breathe Noxious Fumes, Draw Out Power, Power Leap, Apocalypse, Renounce
Religion


You were on level 15 of the Dungeon.
You worshipped Ru.
Ru was extremely pleased with you.
You were hungry.

You visited 2 branches of the dungeon, and saw 16 of its levels.
You also visited: Sewer.

You collected 1155 gold pieces.

Inventory:

Armour
 b - a +1 cloak (worn)
 F - a +1 shield
Jewellery
 t - a ring of positive energy (left hand)
 u - a +3 ring of protection {unknown}
 v - a ring of wizardry (right hand)
 y - an uncursed ring of ice
 C - an amulet of regeneration (around neck)
Scrolls
 e - 8 scrolls of identify
 f - 2 scrolls of magic mapping
 h - 4 scrolls of teleportation
 i - 5 scrolls of remove curse
 o - 2 scrolls of enchant weapon
 q - a scroll of enchant armour
 s - a scroll of blinking
 A - 2 scrolls of fear
Potions
 d - a potion of ambrosia
 p - a potion of agility
 r - 2 potions of flight
 w - a potion of heal wounds
 x - a potion of brilliance
 z - 5 potions of curing
Books
 c - a book of Cantrips

   Spells                             Type                      Level
   a - Corona                         Hexes                        1
   b - Animate Skeleton               Necromancy                   1
   c - Summon Small Mammal            Summoning                    1
   d - Apportation                    Translocation                1
 l - a book of the Dragon

   Spells                             Type                      Level
   a - Flame Tongue                   Conjuration/Fire             1
   b - Cause Fear                     Hexes                        4
   c - Bolt of Fire                   Conjuration/Fire             6
   d - Dragon Form                    Transmutation                7
   e - Dragon's Call                  Summoning                    9
 n - a Fen Folio

   Spells                             Type                      Level
   a - Corpse Rot                     Necromancy                   2
   b - Stone Arrow                    Conjuration/Earth            3
   c - Leda's Liquefaction            Hexes/Earth                  4
   d - Summon Forest                  Summoning/Translocation      5
   e - Hydra Form                     Transmutation                6
   f - Summon Hydra                   Summoning                    7
 E - a book of Death

   Spells                             Type                      Level
   a - Corpse Rot                     Necromancy                   2
   b - Sublimation of Blood           Necromancy                   2
   c - Agony                          Necromancy                   5
   d - Dispel Undead                  Necromancy                   5
   e - Excruciating Wounds            Charms/Necromancy            5
   f - Bolt of Draining               Conjuration/Necromancy       5
Comestibles
 a - 7 bread rations
 g - 3 fruits
 j - 3 meat rations
 k - 9 slices of pizza
 m - 5 beef jerkies


   Skills:
 - Level 9.8(9.6) Fighting
 - Level 8.1(7.9) Dodging
 - Level 0.4(0.2) Shields
 - Level 15.8(15.5) Unarmed Combat
 + Level 6.4(6.2) Spellcasting
 * Level 7.7(7.5) Transmutations


You had 17 spell levels left.
You knew the following spells:

 Your Spells              Type           Power        Failure   Level  Hunger
a - Dragon Form           Trmt           ###.......   99%         7    #######


Dungeon Overview and Level Annotations

Branches:
Dungeon (15/15)            Temple (1/1) D:4            Lair (0/8) D:9
    Orc (0/2) D:12         Vaults (0/5) D:13
 Depths: D:15

Altars:
Ashenzari
Cheibriados
Dithmenos
Elyvilon
Fedhas
Gozag
Kikubaaqudgha
Makhleb
Nemelex Xobeh
Okawaru
Pakellas
Qazlal
Ru
Sif Muna
Trog
Vehumet
Xom
Yredelemnul
Zin
The Shining One

Annotations:
D:13 exclusion: ice statue


Innate Abilities, Weirdness & Mutations

You can breathe blasts of noxious fumes.
Your lurid green scales are hard (AC +8).
Your body does not fit into most forms of armour.
Your system is resistant to poisons.
You are weak. (Str -2)
You are cold-blooded and may be slowed by cold attacks.
You cannot be stealthy.
You cannot study or use magical devices.
You are somewhat inexperienced (-2 XL).
You have a pair of small horns on your head.
Scrolls take you a little longer to read.
Your body sometimes deteriorates upon taking damage.
You passively map a small area around you.


Message History

You tail-slap the yaktaur, but do no damage.
The yaktaur is severely wounded.
The yaktaur misses you.
The deep elf mage gestures wildly while chanting.
The deep elf mage blinks!
A two-headed ogre comes into view. It is wielding two giant clubs.
Drink which item? (? for menu, Esc to quit)
You feel much better.
The orc priest no longer looks unusually strong.
The naga mage begins to cast a spell, but is stunned by your will!
The enormous slime creature hits you!!!
Ouch! That really hurt!
* * * LOW HITPOINT WARNING * * *
The yaktaur misses you.
You hear a shout!
Drink which item? (? for menu, Esc to quit)
You feel much better.
The enormous slime creature hits you!!!!
Ouch! That really hurt!
You die...

* #.# * #<# ,, ,
#.# ,, ,, * ,
#.##......#
#(##......# * *,
#(##......# ,
#o##......#### *,,
#J##....o..... *
,* , #@##.......#
, , * #c##.......#
#W9.†......# ,
####ph....#...# ,
#%.oO.....#...# ,
#...N.....#...# **
,#...O.....#...#
*#..<......#...#*
*
*#....(.....#####*
*


You could see an enormous slime creature, an ogre mage, a polar bear, a yaktaur,
a freezing wraith, a wizard, a naga mage, a two-headed ogre, a gargoyle, an orc
priest and an orc.

Vanquished Creatures
  Nessos (D:15)
  The ghost of namelastname112 the Grappler, a journeyman DrMo of Ru (D:9)
  2 hydras
  A yaktaur captain (D:13)
  An ice dragon (D:13)
  A centaur warrior (D:13)
  2 tengu warriors (D:14)
  An orc high priest (D:15)
  An unseen horror (D:11)
  5 hill giants
  An orc knight (D:15)
  5 ugly things
  A cyclops (D:12)
  2 manticores
  A centaur zombie (D:14)
  Psyche (D:9)
  The ghost of SpiritFryer the Spear-Bearer, a novice CeGl of Ru (D:5)
  A tengu conjurer (D:12)
  2 yaktaurs (D:13)
  3 trolls
  A harpy skeleton (D:15)
  2 two-headed ogres
  A polar bear (D:13)
  A vampire (D:14)
  A shadow (D:12)
  2 wyverns
  2 wraiths
  4 yaks (D:13)
  The ghost of namelastname112 the Ruffian, an amateur DrMo (D:4)
  A hungry ghost (D:10)
  13 vampire mosquitoes
  2 hippogriffs
  A soldier ant (D:10)
  A mottled dragon (D:14)
  An insubstantial wisp (D:10)
  13 orc warriors
  11 ice beasts
  A sky beast (D:9)
  3 black bears
  An eye of draining (D:13)
  A necrophage (D:10)
  5 phantoms
  4 ogres
  17 centaurs
  A crocodile (D:10)
  6 big kobolds
  9 giant frogs
  5 wyvern skeletons
  6 scorpions
  15 killer bees
  8 wights
  4 howler monkeys
  3 crimson imps
  4 hounds
  A quasit (D:11)
  A giant frog zombie (D:5)
  A jelly (D:11)
  A giant frog skeleton (D:5)
  7 orc wizards
  2 centaur skeletons
  2 orc priests
  2 iguanas
  9 worker ants
  A killer bee zombie (D:8)
  A howler monkey skeleton (D:5)
  3 worker ant zombies
  3 river rats (Sewer)
  16 adders
  5 shadow imps
  A white imp (D:13)
  5 oozes (Sewer)
  2 adder zombies
  2 adder skeletons
  4 worms
  2 dart slugs
  4 giant geckos
  38 orcs
  3 ball pythons
  5 bats
  10 giant cockroaches
  5 hobgoblins
  16 jackals
  7 quokkas
  A ball python zombie (D:5)
  4 giant newts
  6 goblins
  24 kobolds
  13 rats
392 creatures vanquished.

Vanquished Creatures (others)
  A deep elf mage (D:15)
  A polar bear (D:13)
  A sky beast (D:14)
  A centaur (D:13)
  An ogre (D:14)
  A scorpion (D:11)
  A wight (D:13)
  An iguana (D:7)
  3 kobolds (D:13)
11 creatures vanquished.

Grand Total: 403 creatures vanquished

Notes
Turn   | Place    | Note
--------------------------------------------------------------
     0 | D:1      | namelastname112 the Draconian Monk began the quest for the Orb.
     0 | D:1      | Reached XP level 1. HP: 19/19 MP: 1/1
    94 | D:1      | Reached XP level 2. HP: 26/26 MP: 2/2
   244 | D:1      | Found a snail-covered altar of Cheibriados.
   702 | D:2      | Reached skill level 5 in Unarmed Combat
   702 | D:2      | Reached XP level 3. HP: 31/31 MP: 3/3
  1666 | D:3      | Found a faded altar to an unknown god.
  1762 | D:3      | Reached XP level 4. HP: 33/38 MP: 4/4
  2164 | D:4      | Reached skill level 6 in Unarmed Combat
  2467 | D:4      | Reached XP level 5. HP: 30/45 MP: 5/5
  2534 | D:4      | Found a staircase to the Ecumenical Temple.
  2546 | Temple   | Entered the Ecumenical Temple
  2630 | Temple   | Became a worshipper of Ru the Awakened
  2641 | Temple   | Gained mutation: You cannot be stealthy. [Ru sacrifice]
  2692 | D:4      | Reached skill level 7 in Unarmed Combat
  2864 | D:4      | Noticed a black bear
  2869 | D:4      | Noticed namelastname112's ghost (amateur DrMo)
  2889 | D:4      | Gained mutation: You have a pair of small horns on your head. [potion of beneficial mutation]
  2904 | D:4      | Killed namelastname112's ghost
  2904 | D:4      | Reached XP level 6. HP: 24/51 MP: 6/6
  2912 | D:4      | Reached skill level 8 in Unarmed Combat
  3217 | D:4      | Your scales start taking on a lurid green colour.
  3217 | D:4      | Reached XP level 7. HP: 44/57 MP: 7/7
  3217 | D:4      | Gained mutation: Your system is resistant to poisons. [Green Draconian growth]
  3472 | D:5      | Entered Level 5 of the Dungeon
  3528 | D:5      | Found a glowing drain.
  3544 | Sewer    | Entered a sewer
  3801 | Sewer    | Reached skill level 9 in Unarmed Combat
  4412 | D:5      | Noticed SpiritFryer's ghost (novice CeGl)
  4439 | D:5      | Killed SpiritFryer's ghost
  4439 | D:5      | Reached skill level 10 in Unarmed Combat
  4439 | D:5      | Reached XP level 8. HP: 18/63 MP: 8/8
  4815 | D:5      | Reached skill level 11 in Unarmed Combat
  4993 | D:5      | Gained mutation: You are somewhat inexperienced (-2 XL). [Ru sacrifice]
  4993 | D:5      | Reached XP level 7. HP: 57/57 MP: 7/7
  4993 | D:5      | Reached XP level 6. HP: 51/51 MP: 6/6
  4993 | D:5      | Reached * piety under Ru
  4993 | D:5      | Reached ** piety under Ru
  5157 | D:5      | Reached XP level 7. HP: 55/57 MP: 7/7
  5988 | D:6      | Reached skill level 12 in Unarmed Combat
  5988 | D:6      | Reached XP level 8. HP: 59/66 MP: 8/8
  6450 | D:6      | Found a blossoming altar of Fedhas.
  7165 | D:8      | Reached skill level 5 in Fighting
  7271 | D:8      | Reached XP level 9. HP: 74/74 MP: 9/9
  7313 | D:8      | Gained mutation: You are weak. (Str -2) [Ru sacrifice]
  7413 | D:8      | Reached skill level 13 in Unarmed Combat
  7600 | D:8      | Found a glowing silver altar of Zin.
  7724 | D:9      | Noticed namelastname112's ghost (journeyman DrMo)
  7729 | D:9      | Gained mutation: Scrolls take you a little longer to read. [potion of mutation]
  7729 | D:9      | Gained mutation: Your body sometimes deteriorates upon taking damage. [potion of mutation]
  7729 | D:9      | Gained mutation: You passively map a small area around you. [potion of mutation]
  7744 | D:9      | Killed namelastname112's ghost
  7744 | D:9      | Reached skill level 5 in Dodging
  7955 | D:9      | Reached XP level 10. HP: 73/84 MP: 10/10
  8174 | D:9      | Noticed Psyche
  8186 | D:9      | Killed Psyche
  8187 | D:9      | Found a staircase to the Lair.
  8684 | D:10     | Entered Level 10 of the Dungeon
  8711 | D:10     | Noticed a hill giant
  8711 | D:10     | Reached skill level 14 in Unarmed Combat
  8724 | D:10     | Gained mutation: You cannot study or use magical devices. [Ru sacrifice]
  8724 | D:10     | Reached *** piety under Ru
  8724 | D:10     | Reached **** piety under Ru
  8724 | D:10     | Reached ***** piety under Ru
  9364 | D:10     | Noticed a hill giant
  9375 | D:10     | Killed a hill giant
  9547 | D:10     | Reached XP level 11. HP: 94/94 MP: 11/11
  9581 | D:10     | Killed a hill giant
 10307 | D:11     | Learned a level 7 spell: Dragon Form
 10338 | D:11     | Killed an unseen horror
 10338 | D:11     | Reached skill level 1 in Spellcasting
 10338 | D:11     | Reached skill level 1 in Transmutations
 10993 | D:12     | Found a staircase to the Orcish Mines.
 11136 | D:12     | Noticed a five-headed hydra
 11152 | D:12     | Killed a five-headed hydra
 11741 | D:13     | Found a deep blue altar of Sif Muna.
 11789 | D:13     | Reached skill level 15 in Unarmed Combat
 11793 | D:13     | Found a gate to the Vaults.
 11794 | D:13     | Noticed a four-headed hydra
 11882 | D:13     | Noticed an ice dragon
 11938 | D:13     | Noticed a yaktaur captain
 11939 | D:13     | Noticed a cyan ugly thing
 11940 | D:13     | Killed a yaktaur captain
 11946 | D:13     | Killed a cyan ugly thing
 12324 | D:12     | Reached XP level 12. HP: 65/103 MP: 17/17
 12812 | D:13     | Killed an ice dragon
 12812 | D:13     | Reached skill level 5 in Transmutations
 12954 | D:13     | Noticed a centaur warrior
 12965 | D:13     | Killed a centaur warrior
 13208 | D:13     | Killed a four-headed hydra
 13692 | D:14     | Reached skill level 5 in Spellcasting
 14201 | D:14     | Noticed a tengu warrior
 14207 | D:14     | Noticed a tengu warrior
 14222 | D:14     | Killed a tengu warrior
 14237 | D:14     | Killed a tengu warrior
 14771 | D:15     | Entered Level 15 of the Dungeon
 14816 | D:15     | Noticed Nessos
 14821 | D:15     | Noticed an orc high priest
 14825 | D:15     | Killed Nessos
 14830 | D:15     | Reached XP level 13. HP: 100/112 MP: 14/22
 14859 | D:15     | Annihilated by an enormous slime creature

Vault maps used:
D:1:      evilmike_arrival_fibonacci_small, minmay_door_square,
          cheibriados_altar_1
D:2:      first_bread
D:3:      ecumenical_altar_2
D:4:      temple_statues, hex_large
D:5:      portal_sewer_entry_b
D:6:      marbit_many_paths
D:8:      kennysheep_mini
D:9:      lair_0_dummy, uniq_psyche
D:10:     grunt_pizzeria, pond
D:12:     boulder_corridor_run, orc_0_dummy, serial_co_window_serial,
          co_window_paths_a, co_window_paths_a, co_window_paths_a,
          co_window_paths_a, co_window_paths_a, co_window_of_opportunity_c,
          co_window_corner_b, co_window_corner_b, co_window_paths_c,
          co_window_corner_b, co_window_4corner_b, glass_columns_b,
          glass_columns_b, glass_columns_c, glass_columns_b
D:13:     david_vaults_2, basic_altar, ice2_lemuel
D:14:     hangedman_abyss_or_decor_clamps, grunt_ministairs_14
D:15:     grunt_enter_depths_magical_seal, nicolae_lava_and_water,
          kennysheep_two_boxes, uniq_nessos
Temple:   kilobyte_greek_temple_18
Sewer:    sewer_co_tree

Skill      XL: |  1  2  3  4  5  6  7  8  9 10 11 12 |
---------------+-------------------------------------+-----
Unarmed Combat | 5 6 7 8 12 11 13 14 15 | 15.8
Stealth        | 0 |  0.0
Dodging        | 3 4 5 6 7 8 |  8.1
Fighting       | 4 5 6 8 9 |  9.8
Spellcasting   | 3 6 |  6.4
Transmutations | 4 7 |  7.7
Shields        | |  0.4

Action                   |  1- 3 |  4- 6 |  7- 9 | 10-12 | 13-15 || total
-------------------------+-------+-------+-------+-------+-------++-------
Melee: Unarmed           |   146 |   121 |   477 |   805 |    16 ||  1565
Invok: Sacrifice Stealth |       |     1 |       |       |       ||     1
       Sacrifice Experie |       |     1 |       |       |       ||     1
       Sacrifice Purity  |       |       |     1 |       |       ||     1
       Power Leap        |       |       |       |     7 |       ||     7
       Sacrifice Artific |       |       |       |     1 |       ||     1
       Apocalypse        |       |       |       |     2 |       ||     2
       Reject Sacrifices |       |       |       |     1 |       ||     1
 Abil: Breathe Noxious F |       |       |     4 |     9 |     1 ||    14
  Use: Potion            |       |     4 |    12 |     1 |     2 ||    19
       Scroll            |       |       |       |    16 |       ||    16
 Stab: Sleeping          |     5 |     2 |       |       |       ||     7
       Invisible         |       |     3 |     1 |    15 |       ||    19
       Distracted        |       |       |     3 |     3 |       ||     6
       Confused          |       |       |     2 |    10 |     2 ||    14
       Paralysed         |       |       |       |     9 |       ||     9
  Eat: Chunk             |     3 |     4 |    12 |    19 |       ||    38
       Meat ration       |       |       |     1 |     1 |       ||     2
       Royal jelly       |       |       |       |     1 |       ||     1
